 Dungeon Crawl Stone Soup version 0.24-a0-584-g9d6b971ae4 (webtiles) character file.

Game seed: 6703638009200533103, levelgen mode: deterministic

25662 DEFE the Slicer (level 12, 0/101 HPs)
             Began as a Yellow Draconian Fighter on Aug 30, 2019.
             Was a Follower of Uskayaw.
             Slain by an eight-headed hydra (17 damage)
             ... on level 6 of the Lair of Beasts on Sept 2, 2019.
             The game lasted 00:29:45 (18570 turns).

DEFE the Slicer (Yellow Draconian Fighter)         Turns: 18570, Time: 00:29:46

Health: 0/101      AC: 12    Str: 23    XL:     12   Next: 91%
Magic:  19/19      EV: 13    Int: 10    God:    Uskayaw [*.....]
Gold:   644        SH: 11    Dex: 10    Spells: 11/11 levels left

rFire    . . .     SeeInvis +   t - +0 dagger (elec)
rCold    . . .     Gourm    .   b - +0 shield
rNeg     . . .     Faith    .   (armour unavailable)
rPois    .         Spirit   .   O - +1 hat {MR+}
rElec    .         Reflect  .   (no cloak)
rCorr    +         Harm     .   G - +0 pair of gloves
MR       +....                  (no boots)
Stlth    +++.......             B - amulet of regeneration
HPRegen  0.66/turn              S - ring of see invisible
MPRegen  0.16/turn              M - +2 ring of protection

@: no status effects
A: spit acid, unfitting armour, cold-blooded, acid resistance, AC +8
a: Breathe Acid, Stomp, Renounce Religion


You were on level 6 of the Lair of Beasts.
You worshipped Uskayaw.
Uskayaw was aware of your devotion.
You were hungry.

You visited 3 branches of the dungeon, and saw 17 of its levels.
You also visited: Volcano.

You collected 908 gold pieces.
You spent 264 gold pieces at shops.

Inventory:

Hand Weapons
 a - a +0 flail
 g - a +0 dagger of venom
 t - a +0 dagger of electrocution (weapon)
 H - a +1 short sword of venom
 K - a +2 flail of crushing
Missiles
 n - a curare-tipped dart (quivered)
 s - 5 atropa-tipped darts
 u - 46 poisoned darts
Armour
 b - a +0 shield (worn)
 D - a +0 large shield
 G - a +0 pair of gloves (worn)
 O - a +1 hat of magic resistance (worn)
Jewellery
 B - an amulet of regeneration (around neck)
 I - an uncursed ring of stealth
 M - a +2 ring of protection (right hand)
 S - a ring of see invisible (left hand)
 T - an uncursed amulet of the acrobat {unknown}
Wands
 f - a wand of polymorph (18)
 y - a wand of flame (15)
 z - a wand of random effects (28)
 C - a wand of acid (2)
 Q - a wand of paralysis (5)
Scrolls
 e - a scroll of fear
 h - 8 scrolls of amnesia
 l - 11 scrolls of teleportation
 m - 2 scrolls of immolation
 r - 13 scrolls of remove curse
 E - a scroll of fog
 F - 6 scrolls of enchant weapon
 U - a scroll of brand weapon
Potions
 c - 4 potions of might
 i - 5 potions of flight
 k - 3 potions of magic
 o - 2 potions of brilliance
 p - 5 potions of curing
 q - 3 potions of mutation
 v - 2 potions of lignification
 w - 2 potions of invisibility
 x - a potion of ambrosia {unknown}
 A - a potion of haste {unknown}
 J - a potion of cancellation {unknown}
 L - 2 potions of resistance {unknown}
 N - 2 potions of berserk rage {unknown}
 P - a potion of agility
Comestibles
 d - 20 rations


   Skills:
 + Level 8.0 Fighting
 - Level 14.0 Short Blades
 - Level 5.6 Maces & Flails
 + Level 6.7 Dodging
 + Level 5.4 Stealth
 + Level 7.3 Shields
 - Level 10.0 Invocations


You had 11 spell levels left.
You didn't know any spells.
Your spell library contained the following spells:

 Spells                   Type           Power        Failure   Level  Hunger
 Confusing Touch          Hex            #.....       71%         1    ##.....
 Flame Tongue             Conj/Fire      #....        71%         1    ##.....
 Magic Dart               Conj           #...         71%         1    ##.....
 Summon Small Mammal      Summ           #...         71%         1    ##.....
 Blink                    Tloc           N/A          83%         2    ###....
 Call Imp                 Summ           #.......     83%         2    ###....
 Slow                     Hex            #.......     83%         2    ###....
 Throw Flame              Conj/Fire      #.....       83%         2    ###....
 Call Canine Familiar     Summ           #.......     97%         3    ####...
 Confuse                  Hex            #.......     97%         3    ####...
 Conjure Flame            Conj/Fire      #.......     97%         3    ####...
 Gell's Gravitas          Tloc           #.........   97%         3    ####...
 Inner Flame              Hex/Fire       #.......     97%         3    ####...
 Mephitic Cloud           Conj/Pois/Air  #.......     97%         3    ####...
 Summon Guardian Golem    Hex/Summ       #.......     97%         3    ####...
 Petrify                  Tmut/Erth      #.......     100%        4    #####..
 Sticky Flame             Conj/Fire      #.......     100%        4    #####..
 Summon Ice Beast         Ice/Summ       #.......     100%        4    #####..
 Summon Lightning Spire   Summ/Air       #.......     100%        4    #####..
 Fireball                 Conj/Fire      #.........   100%        5    ######.
 Metabolic Englaciation   Hex/Ice        #.........   100%        5    ######.
 Yara's Violent Unravell  Hex/Tmut       #.........   100%        5    ######.


Dungeon Overview and Level Annotations

Branches:
Dungeon (10/15)            Temple (1/1) D:4            Lair (6/6) D:10
  Swamp (0/4) Lair:4        Snake (0/4) Lair:4        Slime (0/5) Lair:5
Volcano (visited)
    Orc: D:9-12

Altars:
Cheibriados
Elyvilon
Hepliaklqana
Kikubaaqudgha
Nemelex Xobeh
Okawaru
Qazlal
Sif Muna
Uskayaw
Vehumet
Yredelemnul
Zin
Jiyva

Shops:
D:8 }

Annotations:
D:5 1 runed translucent door, Mame's ghost, novice HOFi
D:8 exclusion: 2 doors
Lair:2 exclusion: oklob plant


Innate Abilities, Weirdness & Mutations

You can spit globs of acid.
Your golden yellow scales are hard. (AC +8)
You cannot fit into any form of body armour.
You are cold-blooded and may be slowed by cold attacks.
You are resistant to acid. (rCorr)


Message History

The eight-headed hydra bites you but does no damage.
The eight-headed hydra completely misses you.
You block the eight-headed hydra's attack.
The eight-headed hydra misses you. The eight-headed hydra bites you.
The eight-headed hydra misses you. The wyvern barely misses you.
You take 16 damage, and have 33/101 hp.
Unknown command.
You hit the eight-headed hydra but do no damage.
Your tail-slap misses the eight-headed hydra.
Unknown command.
Unknown command.
You hit the eight-headed hydra. You tail-slap the eight-headed hydra.
The wyvern bites you but does no damage.
You block the eight-headed hydra's attack.
The eight-headed hydra bites you.
You block the eight-headed hydra's attack. x2
The eight-headed hydra bites you!
* * * LOW HITPOINT WARNING * * *
The eight-headed hydra bites you!
You die...

#P......# #..# #......###.##
### # ##.......#.#.#### ###
##.# ##
#P..........##..###.###..#####.
#................#...#......##.
#...........................†..
#............................P.
##............D................
#............@................
#...........l...............#.
##....##..................P...
#.....##...........P.....P..#
###### ##..†......P......PP##
###†.#....###.##...# #.##.####
######## ######


You could see an eight-headed hydra and a wyvern.

Vanquished Creatures
  A hydra (Lair:3)
  A two-headed ogre (D:10)
  A death yak (Lair:5)
  Pikel (D:7)
  14 elephants
  2 black mambas
  7 spiny frogs
  2 gargoyles (Volcano)
  2 rime drakes
  4 komodo dragons
  An efreet (Volcano)
  2 hornets (D:9)
  A polar bear (Lair:3)
  5 hippogriffs
  5 dream sheep (Lair:6)
  A slime creature (D:8)
  8 blink frogs
  3 wyverns
  A fire elemental (Volcano)
  2 wraiths (D:10)
  3 basilisks
  A yak (Lair:1)
  A hungry ghost (D:8)
  A steam dragon (Lair:6)
  4 vampire mosquitoes (Lair:4)
  Edmund (D:4)
  A soldier ant (D:9)
  3 nagas (Lair:4)
  A hell hound (Lair:6)
  6 water moccasins
  7 porcupines
  4 ice beasts
  3 slaves (D:7)
  3 sky beasts
  A black bear (D:10)
  3 phantoms
  3 ogres
  9 wolves
  A centaur (D:10)
  6 crocodiles
  16 bullfrogs
  A scorpion (D:10)
  5 wights (D:8)
  2 crimson imps
  2 bullfrog zombies
  6 hounds
  2 quasits
  2 jellies
  3 orc wizards
  A centaur skeleton (D:8)
  5 orc priests
  2 iguanas (D:6)
  Jessica (D:2)
  A bullfrog skeleton (D:8)
  9 worker ants
  A hound skeleton (D:4)
  2 worker ant zombies (D:8)
  2 howler monkey skeletons
  8 gnolls
  A howler monkey zombie (D:8)
  12 adders
  A shadow imp (D:8)
  An ooze (D:1)
  An adder skeleton (D:7)
  An adder zombie (D:6)
  5 worms
  2 dart slugs
  6 leopard geckos
  18 orcs
  5 bats
  3 giant cockroaches
  14 hobgoblins
  2 jackals (D:5)
  11 kobolds
  A quokka (D:3)
  A ball python (D:3)
  6 frilled lizards
  10 goblins
  A jackal skeleton (D:4)
  A quokka skeleton (D:10)
  4 rats
304 creatures vanquished.

Vanquished Creatures (collateral kills)
  A blink frog (Lair:2)
  A hippogriff (Lair:2)
2 creatures vanquished.

Vanquished Creatures (others)
  A quokka (D:3)
  A bush (Lair:6)
  A fungus (Lair:3)
  4 plants (Lair:6)
7 creatures vanquished.

Grand Total: 313 creatures vanquished

Notes
Turn   | Place    | Note
-------+----------+-------------------------------------------
     0 | D:1      | DEFE the Draconian Fighter began the quest for the Orb.
     0 | D:1      | Reached XP level 1. HP: 19/19 MP: 1/1
   285 | D:1      | Reached XP level 2. HP: 24/26 MP: 2/2
   707 | D:2      | Noticed Jessica
   731 | D:2      | Killed Jessica
   731 | D:2      | Reached XP level 3. HP: 2/31 MP: 3/3
  1284 | D:2      | Reached XP level 4. HP: 29/38 MP: 4/4
  1773 | D:2      | Reached skill level 5 in Maces & Flails
  2269 | D:3      | Reached XP level 5. HP: 45/45 MP: 5/5
  2480 | D:3      | Found a basalt altar of Yredelemnul.
  2480 | D:3      | Found a radiant altar of Vehumet.
  2648 | D:3      | Found a hazy altar of Hepliaklqana.
  2649 | D:3      | Found an ancient bone altar of Kikubaaqudgha.
  2650 | D:3      | Found a glowing silver altar of Zin.
  2650 | D:3      | Found a shimmering blue altar of Sif Muna.
  2768 | D:3      | Noticed a phantom
  2769 | D:3      | Found a white marble altar of Elyvilon.
  3840 | D:4      | Reached skill level 1 in Short Blades
  3861 | D:4      | Found a hide-covered altar of Uskayaw.
  3865 | D:4      | Became a worshipper of Uskayaw the Reveler
  3912 | D:4      | Found a staircase to the Ecumenical Temple.
  3915 | D:4      | Noticed Edmund
  3919 | D:4      | Reached * piety under Uskayaw
  3937 | D:4      | Reached ** piety under Uskayaw
  3939 | D:4      | Reached *** piety under Uskayaw
  3940 | D:4      | Killed Edmund
  3940 | D:4      | Reached skill level 3 in Short Blades
  3940 | D:4      | Reached XP level 6. HP: 25/51 MP: 6/6
  4592 | D:4      | Found a snail-covered altar of Cheibriados.
  4641 | Temple   | Entered the Ecumenical Temple
  4702 | D:5      | Entered Level 5 of the Dungeon
  4716 | D:5      | Reached skill level 4 in Short Blades
  5310 | D:5      | Your scales start taking on a golden yellow colour.
  5310 | D:5      | Reached XP level 7. HP: 13/57 MP: 7/7
  5310 | D:5      | Gained mutation: You are resistant to acid. (rCorr) [Yellow
                  | Draconian growth]
  5585 | D:5      | Reached skill level 5 in Short Blades
  5981 | D:5      | Found a runed translucent door.
  6002 | D:5      | Noticed Mame's ghost (novice HOFi)
  6051 | D:6      | Reached skill level 6 in Short Blades
  6339 | D:6      | Reached skill level 7 in Short Blades
  6466 | D:6      | Reached XP level 8. HP: 63/63 MP: 8/8
  6612 | D:6      | Reached skill level 8 in Short Blades
  6640 | D:6      | Found the +8 trident of the Octopus King {venom, rElec
                  | rPois MR+}
  6813 | D:6      | Found a stormy altar of Qazlal.
  7073 | D:7      | Reached **** piety under Uskayaw
  7078 | D:7      | Reached ***** piety under Uskayaw
  7094 | D:7      | Reached skill level 9 in Short Blades
  7544 | D:7      | Found a sparkling altar of Nemelex Xobeh.
  7622 | D:7      | Reached skill level 10 in Short Blades
  7757 | D:7      | Noticed a hippogriff
  7767 | D:7      | Killed a hippogriff
  7767 | D:7      | Reached XP level 9. HP: 37/70 MP: 9/9
  8019 | D:7      | Noticed Pikel
  8067 | D:7      | Killed Pikel
  8067 | D:7      | Reached skill level 11 in Short Blades
  8542 | D:8      | Reached skill level 12 in Short Blades
  9471 | D:8      | Found Piojymo's Gadget Shop.
  9485 | D:8      | Bought a wand of acid (8) for 264 gold pieces
  9639 | D:9      | Reached XP level 10. HP: 77/77 MP: 10/10
  9693 | D:9      | Reached skill level 13 in Short Blades
  9703 | D:9      | Found an iron altar of Okawaru.
  9730 | D:9      | Paralysed by a hornet for 2 turns
 10171 | D:10     | Entered Level 10 of the Dungeon
 10218 | D:10     | Found a staircase to the Lair.
 10238 | D:10     | Noticed a two-headed ogre
 10244 | D:10     | Killed a two-headed ogre
 10244 | D:10     | Reached skill level 14 in Short Blades
 10428 | D:10     | Reached skill level 1 in Invocations
 11052 | Lair:1   | Entered Level 1 of the Lair of Beasts
 11057 | Lair:1   | Noticed a spiny frog
 11065 | Lair:1   | Killed a spiny frog
 11076 | Lair:1   | Reached skill level 5 in Invocations
 11152 | Lair:1   | Noticed a spiny frog
 11167 | Lair:1   | Killed a spiny frog
 11216 | Lair:1   | Noticed a spiny frog
 11267 | Lair:1   | Found a dark tunnel.
 11315 | Volcano  | Entered a volcano
 11315 | Volcano  | Noticed a gargoyle
 11328 | Volcano  | Killed a gargoyle
 11344 | Volcano  | Noticed a gargoyle
 11363 | Volcano  | Killed a gargoyle
 11363 | Volcano  | Reached XP level 11. HP: 50/82 MP: 16/16
 13099 | Lair:2   | Noticed an oklob plant
 13432 | Lair:2   | Reached skill level 10 in Invocations
 13610 | Lair:3   | Noticed a six-headed hydra
 13629 | Lair:3   | Killed a six-headed hydra
 14276 | Lair:3   | Reached skill level 5 in Fighting
 15142 | Lair:3   | Reached skill level 1 in Stealth
 15423 | Lair:4   | Found a staircase to the Swamp.
 15460 | Lair:4   | Reached skill level 5 in Shields
 15655 | Lair:4   | Found a staircase to the Snake Pit.
 15737 | Lair:4   | Got an ancient buckler
 15748 | Lair:4   | Identified the +3 buckler of Dramatic Exits {Int+2} (You
                  | found it on level 4 of the Lair of Beasts)
 15933 | Lair:4   | Reached XP level 12. HP: 95/95 MP: 19/19
 16352 | Lair:5   | Reached skill level 5 in Dodging
 17286 | Lair:5   | Found a staircase to the Slime Pits.
 17286 | Lair:5   | Found a viscous altar of Jiyva.
 17510 | Lair:6   | Entered Level 6 of the Lair of Beasts
 17510 | Lair:6   | Noticed a death yak
 17511 | Lair:6   | Noticed a death yak
 17512 | Lair:6   | Noticed a death yak
 17513 | Lair:6   | Noticed a death yak
 17751 | Lair:5   | Killed a death yak
 18057 | Lair:6   | Reached ****** piety under Uskayaw
 18191 | Lair:6   | Reached skill level 5 in Stealth
 18415 | Lair:6   | Noticed an eight-headed hydra
 18570 | Lair:6   | Slain by an eight-headed hydra

Levels and vault maps discovered:
D:1:      wander_arrival_chamber, layout_loops_ring
D:2:      layout_basic, item_on_display_a, uniq_jessica
D:3:      minmay_spotlight, layout_loops_corners, grunt_temple_overflow_open,
          elyvilon_altar_4
D:4:      layout_layer_cave, eat_drink_and_be_merry_uskayaw,
          minmay_temple_entry_mist, grunt_decor_one_mirror, cheibriados_altar_1,
          uniq_edmund
D:5:      layout_cave_pools, gammafunk_ghost_grave, first_ration,
          minmay_small_thing
D:6:      layout_gridville, kennysheep_mini
D:7:      layout_loops_cross, nemelex_xobeh_ov_fountains_minmay, uniq_pikel
D:8:      cheibrodos_two_vegetables, layout_basic, serial_shops,
          nicolae_shop_waterfront
D:9:      layout_cave_pools, hangedman_pestilent_swarm,
          minmay_misc_feat_diagonals, okawaru_ov_weapons_minmay
D:10:     layout_roguey, lair_entry_dummy, evilmike_butchery
Temple:   nicolae_temple_figure_eight
Lair:1:   layout_regular_city, enter_volcano_1, beast_lair_carwin_5
Lair:2:   layout_chaotic_city, chequers_serial_rivers_room_b
Lair:3:   layout_chaotic_city, portal_ice_cave_entry_pillars_1,
          serial_bayou_shore_b
Lair:4:   layout_hall_layers, minmay_swamp_entry_swarm,
          guppyfry_snake_entry_garden
Lair:5:   layout_small_grid, slime_altar_1, chequers_serial_rivers_marsh
Lair:6:   cheibrodos_lair_end_hotspot, layout_gridlike,
          chequers_serial_rivers_micro_c, chequers_serial_rivers_large_a

Skill      XL: |  1  2  3  4  5  6  7  8  9 10 11 12 |
---------------+-------------------------------------+-----
Maces & Flails | 4 5 |  5.6
Short Blades   | 3 4 7 10 12 14 | 14.0
Invocations    | 7 10 | 10.0
Dodging        | 4 6 |  6.7
Fighting       | 5 8 |  8.0
Shields        | 5 7 |  7.3
Stealth        | 1 5 |  5.4

Action                   |  1- 3 |  4- 6 |  7- 9 | 10-12 || total
-------------------------+-------+-------+-------+-------++-------
Melee: Flail             |    73 |   159 |       |       ||   232
       Tailslap          |     6 |    28 |    49 |    94 ||   177
       Dagger            |       |   100 |   468 |   763 ||  1331
       Unarmed           |       |     7 |       |       ||     7
       Short sword       |       |       |       |    34 ||    34
Throw: Dart              |       |     1 |       |     5 ||     6
Invok: Grand Finale      |       |       |       |     1 ||     1
 Abil: Breathe Acid      |       |       |     1 |    16 ||    17
Evoke: Wand              |       |       |       |    15 ||    15
  Use: Scroll            |       |     8 |     1 |    16 ||    25
       Potion            |       |     3 |       |     5 ||     8
 Stab: Sleeping          |       |     1 |       |     8 ||     9
       Paralysed         |       |     2 |     5 |    31 ||    38
       Distracted        |       |       |       |     1 ||     1
       Invisible         |       |       |       |     1 ||     1
  Eat: Chunk             |       |    10 |     4 |    13 ||    27
       Ration            |       |     1 |     4 |     5 ||    10
Armor: Skin              |    30 |    54 |    72 |   177 ||   333
Dodge: Dodged            |    32 |   105 |    81 |   252 ||   470
Block: Shield            |    41 |   112 |   138 |   257 ||   548

Table legend:
 A = Non-vault XP
 B = Vault XP
 C = Vault XP percentage of total XP
 D = Non-vault monster count
 E = Vault monster count
 F = Vault count percentage of total count
                 A         B        C        D         E       F
            +---------+---------+-------+---------+---------+-------
      Total |   29993 |    6668 |  18.2 |     269 |      34 |  11.2
            +---------+---------+-------+---------+---------+-------
        D:1 |      34 |       0 |   0.0 |      16 |       0 |   0.0
        D:2 |     119 |      37 |  23.7 |      28 |       1 |   3.4
        D:3 |      87 |       4 |   4.4 |      23 |       3 |  11.5
        D:4 |      85 |     169 |  66.5 |       7 |       1 |  12.5
        D:5 |     247 |      43 |  14.8 |      18 |       1 |   5.3
        D:6 |     989 |       0 |   0.0 |      27 |       0 |   0.0
        D:7 |    1353 |     593 |  30.5 |      19 |       1 |   5.0
        D:8 |    1092 |     394 |  26.5 |      19 |       2 |   9.5
        D:9 |     534 |     759 |  58.7 |      11 |       4 |  26.7
       D:10 |    2305 |       0 |   0.0 |      16 |       0 |   0.0
     Lair:1 |    2091 |    1227 |  37.0 |      10 |       5 |  33.3
     Lair:2 |    2184 |       0 |   0.0 |      10 |       0 |   0.0
     Lair:3 |    4434 |       0 |   0.0 |      18 |       0 |   0.0
     Lair:4 |     796 |    1196 |  60.0 |       6 |       7 |  53.8
     Lair:5 |    8114 |       0 |   0.0 |      21 |       0 |   0.0
     Lair:6 |    5529 |     891 |  13.9 |      20 |       5 |  20.0
    Volcano |       0 |    1355 | 100.0 |       0 |       4 | 100.0
            +---------+---------+-------+---------+---------+-------
